 Dungeon Crawl Stone Soup version 0.23.2-40-g277498a001 (webtiles) character file.

Game seed: 6643475253851972704

16016 GGA the Carver (level 12, 0/106 HPs)
             Began as a Minotaur Fighter on Sept 3, 2019.
             Was an Elder of Trog.
             Slain by a wind drake (6 damage)
             ... on level 1 of the Shoals on Sept 4, 2019.
             The game lasted 01:22:43 (10547 turns).

GGA the Carver (Minotaur Fighter)                  Turns: 10547, Time: 01:22:44

Health: 0/106      AC: 17    Str: 23    XL:     12   Next: 6%
Magic:  11/11      EV: 14    Int:  5    God:    Trog [****..]
Gold:   540        SH: 12    Dex: 16    Spells: 11/11 levels left

rFire    . . .     SeeInvis .   Q - +4 rapier (speed)
rCold    . . .     Gourm    .   c - +0 shield
rNeg     . . .     Faith    .   F - +5 ring mail
rPois    .         Spirit   .   (helmet restricted)
rElec    .         Reflect  .   r - +2 cloak
rCorr    .         Harm     .   v - +0 pair of gloves
MR       .....                  G - +0 pair of boots
Stlth    +.........             H - amulet of regeneration
HPRegen  0.67/turn              (no ring)
MPRegen  0.12/turn              j - +3 ring of dexterity

@: slowed, drained, very slow
A: retaliatory headbutt, horns 2
a: Berserk, Trog's Hand, Brothers in Arms, Renounce Religion


You were on level 1 of the Shoals.
You worshipped Trog.
Trog was greatly pleased with you.
You were not hungry.

You visited 4 branches of the dungeon, and saw 15 of its levels.

You collected 870 gold pieces.
You spent 330 gold pieces at shops.

Inventory:

Hand Weapons
 a - a +2 long sword
 b - a +1 vampiric demon whip
 p - a +3 quarterstaff of chaos
 s - a +2 whip of flaming
 y - a +0 war axe of pain
 P - a +1 scimitar of flaming
 Q - a +4 rapier of speed (weapon)
Armour
 c - a +0 shield (worn)
 r - a +2 cloak (worn)
 v - a +0 pair of gloves (worn)
 F - a +5 ring mail (worn)
 G - a +0 pair of boots (worn)
Jewellery
 e - an uncursed amulet of faith
 j - a +3 ring of dexterity (right hand)
 l - an uncursed amulet of harm {unknown}
 H - an amulet of regeneration (around neck)
 L - a +3 ring of strength {unknown}
Wands
 h - a wand of iceblast (15)
 u - a wand of digging (6)
 J - a wand of acid (12)
Scrolls
 k - 11 scrolls of teleportation
 o - 6 scrolls of remove curse
 w - a scroll of magic mapping {unknown}
 x - a scroll of brand weapon {unknown}
 B - a scroll of identify
 C - a scroll of fog {unknown}
 E - a scroll of blinking
 N - a scroll of enchant armour
 O - 2 scrolls of torment {unknown}
Potions
 d - a potion of berserk rage {unknown}
 g - 4 potions of curing
 i - 2 potions of haste {unknown}
 m - 2 potions of lignification {unknown}
 n - a potion of magic {unknown}
 q - a potion of heal wounds
 t - a potion of brilliance {unknown}
 z - 2 potions of flight {unknown}
 A - 3 potions of mutation
 D - 2 potions of might
 I - a potion of degeneration {unknown}
 K - 3 potions of cancellation
 M - a potion of resistance {unknown}
Comestibles
 f - 23 rations


   Skills:
 + Level 10.0(8.8) Fighting
 + Level 0.3(7.3) Short Blades
 - Level 14.0(12.6) Long Blades
 + Level 9.0(7.8) Armour
 + Level 7.0(5.8) Dodging
 + Level 2.7(1.7) Stealth
 + Level 11.5(10.2) Shields
 + Level 1.0(0.0) Evocations


You had 11 spell levels left.
You didn't know any spells.
Your spell library was empty.

Dungeon Overview and Level Annotations

Branches:
Dungeon (10/15)            Temple (1/1) D:5            Lair (3/6) D:10
 Shoals (1/4) Lair:2          Orc (0/2) D:10
  Snake: Lair:2-4    Spider: Lair:2-4

Altars:
Ashenzari
Cheibriados
Dithmenos
Elyvilon
Fedhas
Gozag
Hepliaklqana
Kikubaaqudgha
Makhleb
Nemelex Xobeh
Okawaru
Qazlal
Ru
Sif Muna
Trog
Uskayaw
Vehumet
Wu Jian
Xom
Yredelemnul
Zin
The Shining One

Shops:
D:4 =   D:5 ?[   D:10 *

Annotations:
D:10 exclusion: ice statue
Lair:1 exclusion: oklob plant
Shoals:1 Donald, Josephine


Innate Abilities, Weirdness & Mutations

You reflexively headbutt those who attack you in melee.
You have a pair of horns on your head.


Message History

The wind drake is lightly wounded.
You block the sea snake's attack.
Donald hits you with a +0 long sword of draining!
You feel drained. You block the wraith's attack.
You hit the wind drake.
The wind drake is lightly wounded.
The wind drake flaps its wings at you. The air twists around and strikes you!
The sea snake bites you but does no damage.
You block the merfolk's attack.
Donald hits you with a +0 long sword of draining!
* * * LOW HITPOINT WARNING * * *
You feel drained.
* * * LOW HITPOINT WARNING * * *
The wraith hits you.
* * * LOW HITPOINT WARNING * * *
The wraith drains your vigour!
You feel as though you will be slow longer.
The wind drake bites you.
You die...

.≈≈≈≈......##(m..≈...≈≈
≈≈≈P≈≈≈≈...###....$.≈≈≈
≈≈≈..≈≈....#.......≈≈≈≈
≈≈...≈......##.....≈≈≈≈
.......W÷.[.####...≈≈≈≈
.......WE@W### #...≈≈≈
≈≈....##mS## #...>.
≈≈≈..###W## #...#
≈≈≈..≈mk@# ####
≈≈..≈≈≈@S# ≈..##≈≈≈## .
##≈≈# ...# #.... .....
≈≈.≈≈≈


You could see Donald, Josephine, 2 sea snakes, a wind drake, a merfolk, a water
elemental, a water nymph and 4 wraiths.

Vanquished Creatures
  A merfolk aquamancer (Lair:2)
  Erica (Lair:1)
  A sea snake (Shoals:1)
  Pikel (D:4)
  A manticore (Shoals:1)
  Maurice (D:8)
  Joseph (D:7)
  Psyche (D:9)
  A black mamba (Lair:2)
  A spiny frog (Lair:2)
  2 komodo dragons
  2 merfolk
  A hornet (D:8)
  5 hippogriffs
  A snapping turtle (Shoals:1)
  2 water elementals (Shoals:1)
  Sigmund (D:6)
  A basilisk (Lair:1)
  12 yaks
  7 wyverns
  2 soldier ants (D:8)
  8 water moccasins
  2 porcupines
  2 black bears
  A swamp drake (D:10)
  5 orc warriors
  A sky beast (D:9)
  A necrophage (D:8)
  An ice beast (D:9)
  A phantom (D:8)
  6 ogres
  2 centaurs
  A crocodile (Lair:1)
  A gnoll sergeant (D:5)
  A water moccasin zombie (D:8)
  9 bullfrogs
  2 scorpions
  2 howler monkeys (D:4)
  8 wights
  4 crimson imps
  2 bullfrog zombies
  A centaur zombie (D:6)
  4 hounds
  Crazy Yiuf (D:2)
  A centaur skeleton (D:4)
  13 orc priests
  A bullfrog skeleton (D:10)
  An iguana (D:6)
  13 orc wizards
  Natasha (thrice) (D:2)
  11 worker ants
  2 human simulacra (D:9)
  A hound skeleton (D:6)
  5 gnolls (D:5)
  9 adders
  A howler monkey skeleton (D:5)
  3 shadow imps
  2 oozes
  3 worms
  3 dart slugs
  2 leopard geckos
  69 orcs
  3 ball pythons
  4 bats
  4 giant cockroaches
  6 goblins
  6 hobgoblins
  5 jackals
  3 quokkas
  A ball python skeleton (D:5)
  A frilled lizard (D:5)
  A jackal zombie (D:9)
  4 kobolds
  A quokka skeleton (D:4)
  5 rats
299 creatures vanquished.

Vanquished Creatures (others)
  A wyvern (D:10)
  A wraith (D:9)
2 creatures vanquished.

Grand Total: 301 creatures vanquished

Notes
Turn   | Place    | Note
-------+----------+-------------------------------------------
     0 | D:1      | GGA the Minotaur Fighter began the quest for the Orb.
     0 | D:1      | Reached XP level 1. HP: 19/19 MP: 0/0
   205 | D:1      | Reached XP level 2. HP: 27/27 MP: 1/1
   844 | D:2      | Reached XP level 3. HP: 32/33 MP: 2/2
   916 | D:2      | Reached skill level 3 in Long Blades
  1238 | D:2      | Noticed Natasha
  1245 | D:2      | Killed Natasha
  1245 | D:2      | Reached XP level 4. HP: 35/40 MP: 3/3
  1283 | D:2      | Noticed Natasha
  1285 | D:2      | Killed Natasha
  1480 | D:2      | Noticed Natasha
  1492 | D:2      | Killed Natasha
  1492 | D:2      | Reached skill level 4 in Long Blades
  1492 | D:2      | Reached XP level 5. HP: 40/46 MP: 4/4
  1542 | D:2      | Found a runed translucent door.
  1543 | D:2      | Noticed Crazy Yiuf
  1941 | D:2      | Killed Crazy Yiuf
  1941 | D:2      | Reached skill level 5 in Shields
  2739 | D:4      | Reached skill level 5 in Armour
  2739 | D:4      | Reached XP level 6. HP: 51/52 MP: 5/5
  2787 | D:4      | Reached skill level 5 in Long Blades
  2819 | D:4      | Found Ojojilis's Jewellery Shoppe.
  3162 | D:4      | Found a deep blue altar of Sif Muna.
  3169 | D:4      | Reached XP level 7. HP: 57/60 MP: 6/6
  3220 | D:4      | Noticed Pikel
  3252 | D:4      | Killed Pikel
  3252 | D:4      | Reached skill level 5 in Fighting
  3252 | D:4      | Reached skill level 7 in Long Blades
  3252 | D:4      | Reached skill level 1 in Dodging
  3252 | D:4      | Reached XP level 8. HP: 53/69 MP: 7/7
  3501 | D:4      | Reached skill level 1 in Stealth
  3941 | D:4      | Found an opulent altar of Gozag.
  4056 | D:4      | Bought an uncursed amulet of regeneration for 330 gold
                  | pieces
  4175 | D:5      | Entered Level 5 of the Dungeon
  4239 | D:5      | Found a staircase to the Ecumenical Temple.
  4245 | Temple   | Entered the Ecumenical Temple
  4266 | Temple   | Became a worshipper of Trog the Wrathful
  4405 | D:5      | Reached skill level 8 in Long Blades
  4427 | D:5      | Found Diunuv's Magic Scroll Emporium.
  4582 | D:5      | Found Loxiokol's Antique Armour Emporium.
  4618 | D:5      | Reached * piety under Trog
  4978 | D:6      | Reached skill level 9 in Long Blades
  4978 | D:6      | Reached XP level 9. HP: 63/78 MP: 8/8
  5252 | D:6      | Noticed Sigmund
  5260 | D:6      | Killed Sigmund
  5552 | D:7      | Noticed Joseph
  5584 | D:7      | Killed Joseph
  5798 | D:7      | Reached skill level 10 in Long Blades
  5833 | D:7      | Reached ** piety under Trog
  6259 | D:8      | Noticed Maurice
  6269 | D:8      | Killed Maurice
  6404 | D:8      | Reached XP level 10. HP: 86/86 MP: 9/9
  6750 | D:8      | Reached skill level 11 in Long Blades
  6823 | D:8      | Paralysed by a hornet for 2 turns
  6830 | D:8      | Paralysed by a hornet for 2 turns
  7134 | D:9      | Noticed Psyche
  7145 | D:9      | Killed Psyche
  7159 | D:9      | Reached *** piety under Trog
  7500 | D:9      | Reached skill level 12 in Long Blades
  7804 | D:10     | Entered Level 10 of the Dungeon
  7829 | D:10     | Noticed an ice statue
  7859 | D:10     | Found Sawiutof's Assorted Antiques.
  8037 | D:10     | Reached skill level 5 in Dodging
  8037 | D:10     | Reached skill level 10 in Shields
  8181 | D:10     | Reached XP level 11. HP: 88/95 MP: 10/10
  8210 | D:10     | Found a staircase to the Orcish Mines.
  8266 | D:10     | Reached **** piety under Trog
  8774 | D:10     | Found a staircase to the Lair.
  9136 | Lair:1   | Entered Level 1 of the Lair of Beasts
  9282 | Lair:1   | Reached skill level 13 in Long Blades
  9469 | Lair:1   | Noticed an oklob plant
  9590 | Lair:1   | Noticed Erica
  9606 | Lair:1   | Killed Erica
 10142 | Lair:2   | Found a staircase to the Shoals.
 10237 | Shoals:1 | Entered Level 1 of the Shoals
 10260 | Shoals:1 | Noticed a sea snake
 10272 | Shoals:1 | Killed a sea snake
 10312 | Shoals:1 | Noticed a merfolk aquamancer
 10335 | Shoals:1 | Reached skill level 14 in Long Blades
 10344 | Shoals:1 | Noticed Josephine
 10484 | Lair:2   | Killed a merfolk aquamancer
 10484 | Lair:2   | Reached skill level 10 in Fighting
 10484 | Lair:2   | Reached skill level 1 in Evocations
 10484 | Lair:2   | Reached XP level 12. HP: 94/106 MP: 11/11
 10529 | Shoals:1 | Noticed Donald
 10547 | Shoals:1 | Slain by a wind drake

Skill      XL: |  1  2  3  4  5  6  7  8  9 10 11 12 |
---------------+-------------------------------------+-----
Armour         | 4 5 6 7 8 9 |  9.0
Shields        | 4 5 6 7 9 10 11 | 11.5
Long Blades    | 3 4 5 7 9 10 12 14 | 14.0
Fighting       | 4 5 6 7 8 10 | 10.0
Dodging        | 1 2 3 5 6 7 |  7.0
Stealth        | 1 2 |  2.7
Evocations     | 1 |  1.0
Short Blades   | |  0.3

Action                   |  1- 3 |  4- 6 |  7- 9 | 10-12 || total
-------------------------+-------+-------+-------+-------++-------
Melee: Long sword        |    77 |   146 |   362 |   430 ||  1015
       Headbutt          |    12 |    32 |    90 |   132 ||   266
       Scimitar          |       |       |       |    69 ||    69
       Rapier            |       |       |       |    16 ||    16
Evoke: Wand              |       |       |     1 |     5 ||     6
  Use: Scroll            |     4 |     1 |     8 |     3 ||    16
       Potion            |       |       |       |     6 ||     6
 Stab: Distracted        |       |       |     1 |       ||     1
       Confused          |       |       |       |     1 ||     1
  Eat: Chunk             |     1 |     3 |     4 |    14 ||    22
       Ration            |       |     1 |     2 |       ||     3
Armor: Scale mail        |    23 |    46 |    24 |       ||    93
       Ring mail         |       |       |    71 |   147 ||   218
Dodge: Dodged            |    29 |    33 |   109 |   216 ||   387
Block: Shield            |    52 |    64 |   161 |   312 ||   589
       Rpst.: Long sword |     4 |    10 |    29 |    39 ||    82
       Scimitar          |       |       |       |     5 ||     5
